 Dungeon Crawl Stone Soup version 0.26.0-3-g156281e41b (webtiles) character file.

Game seed: 10764461887257369136

2172 trckry the Basher (level 9, -1/78 HPs)
             Began as a Minotaur Fighter on Jan 10, 2021.
             Was an Initiate of Makhleb.
             Slain by a yak (8 damage)
             ... on level 8 of the Dungeon.
             The game lasted 00:09:03 (5383 turns).

trckry the Basher (Minotaur Fighter)                Turns: 5383, Time: 00:09:04

Health: -1/78      AC: 15    Str: 24    XL:     9   Next: 11%
Magic:  9/9        EV: 10    Int:  8    God:    Makhleb [......]
Gold:   242        SH: 11    Dex: 10    Spells: 8/8 levels left

rFire    . . .     SeeInvis .   a - +0 morningstar
rCold    . . .     Faith    .   c - +0 kite shield
rNeg     . . .     Spirit   .   s - +0 chain mail
rPois    .         Reflect  .   (helmet restricted)
rElec    .         Harm     .   (no cloak)
rCorr    .         Rampage  .   H - +0 pair of gloves
Will     .....                  (no boots)
Stlth    ..........             (no amulet)
HPRegen  0.23/turn              J - +4 ring of protection
MPRegen  0.11/turn              B - ring of Eplui {EV+4 Int+3}

@: mighty
A: retaliatory headbutt, horns 2
a: Renounce Religion


You were on level 8 of the Dungeon.
You worshipped Makhleb.
Makhleb was noncommittal.
You visited 2 branches of the dungeon, and saw 8 of its levels.
You also visited: Sewer.

You collected 242 gold pieces.

Inventory:

Hand Weapons
 a - a +0 morningstar (weapon)
Missiles
 h - 8 curare-tipped darts (quivered)
 i - 2 silver boomerangs
 y - 11 boomerangs
Armour
 c - a +0 kite shield (worn)
 s - a +0 chain mail (worn)
 C - a scarf of harm
 H - a +0 pair of gloves (worn)
Jewellery
 e - an uncursed amulet of reflection {unknown}
 v - an uncursed ring of magical power {unknown}
 B - the ring of Eplui (right hand) {EV+4 Int+3}
   (You found it in a sewer)

   [ring of evasion]

   It affects your evasion (+4).
   It affects your intelligence (+3).
 E - an uncursed ring of protection from fire {unknown}
 F - an uncursed ring of fire {unknown}
 G - a cursed ring of attention {unknown}
 J - a +4 ring of protection (left hand)
 K - an uncursed amulet of faith {unknown}
Scrolls
 n - 2 scrolls of random uselessness {unknown}
 p - 2 scrolls of magic mapping {unknown}
 q - 2 scrolls of blinking {unknown}
 r - a scroll of teleportation {unknown}
 u - a scroll of fear {unknown}
 w - 3 scrolls of identify {unknown}
 x - 4 scrolls of remove curse {unknown}
 A - a scroll of amnesia {unknown}
 I - 3 scrolls of enchant weapon {unknown}
Potions
 f - 3 potions of flight {unknown}
 g - 2 potions of resistance {unknown}
 j - a potion of attraction {unknown}
 k - 2 potions of heal wounds {unknown}
 l - a potion of degeneration {unknown}
 m - a potion of berserk rage {unknown}
 o - 5 potions of curing {unknown}
 t - 2 potions of brilliance {unknown}
 z - 2 potions of lignification {unknown}
 D - a potion of mutation {unknown}
 L - a potion of haste {unknown}


   Skills:
 + Level 6.7 Fighting
 * Level 8.5 Maces & Flails
 + Level 4.3 Throwing
 + Level 6.8 Armour
 + Level 6.8 Shields
 + Level 2.4 Invocations


You had 8 spell levels left.
You didn't know any spells.
Your spell library contained the following spells:

 Spells                   Type           Power        Failure   Level
 Blink                    Tloc           N/A          100%        2
 Gell's Gravitas          Tloc           0%           100%        3
 Lesser Beckoning         Tloc           0%           100%        3
 Teleport Other           Tloc           0%           100%        3
 Passage of Golubria      Tloc           N/A          100%        4


Dungeon Overview and Level Annotations

Branches:
Dungeon (9/15)             Temple (1/1) D:5           Sewer (visited)
   Lair: D:8-11         Orc: D:9-12

Altars:
Ashenzari
Cheibriados
Dithmenos
Fedhas
Hepliaklqana
Kikubaaqudgha
Makhleb
Nemelex Xobeh
Okawaru
Qazlal
Sif Muna
Trog
Uskayaw
Vehumet
Xom
Yredelemnul
Zin
The Shining One


Innate Abilities, Weirdness & Mutations

You reflexively headbutt those who attack you in melee.
You have a pair of horns on your head.


Message History

Your headbutt misses the yak.
The yak is almost dead.
The yak gores you but does no damage.
Your chain mail prevents you from hitting the yak.
The yak is almost dead.
You block the yak's attack.
You closely miss the yak. You headbutt the yak!
You kill the yak!
Makhleb accepts your kill.
You aren't carrying any items that you can evoke.
Okay, then.
You closely miss the yak. You block the yak's attack.
You hit the yak.
The yak is lightly wounded.
The yak gores you!
* * * LOW HITPOINT WARNING * * *
The yak barely misses you.
You feel very mighty all of a sudden. The yak gores you!
You die...

..#.............#
#....#########.##
# # #..# # ##.##
# #YY# # ##Y# #Y#
#Y# #@# #..# ...#
....# ......
.......#
#.......#
#.......#


You could see 5 yaks.

Vanquished Creatures
  6 yaks (D:8)
  The ghost of lastplaneout the Chopper, an amateur HOFi of Beogh (D:4)
  A sky beast (D:8)
  A centaur (D:5)
  4 bullfrogs
  A scorpion (D:4)
  An electric eel (D:8)
  A howler monkey (D:4)
  A bullfrog zombie (D:4)
  3 orc priests
  A gnoll shaman (D:4)
  A hound (D:4)
  Natasha (thrice) (D:2)
  An orc wizard (D:3)
  2 worker ants (D:4)
  A hound zombie (D:5)
  Robin (D:3)
  3 gnolls (D:4)
  12 adders
  An adder skeleton (D:4)
  A worm (D:2)
  4 dart slugs
  5 leopard geckos
  13 orcs
  7 ball pythons
  8 bats
  10 giant cockroaches
  19 goblins
  15 hobgoblins
  7 kobolds
  A quokka (D:3)
  10 frilled lizards
  A leopard gecko skeleton (D:4)
  6 rats
153 creatures vanquished.

Notes
Turn   | Place    | Note
-------+----------+-------------------------------------------
     0 | D:1      | trckry the Minotaur Fighter began the quest for the Orb.
     0 | D:1      | Reached XP level 1. HP: 19/19 MP: 0/0
   125 | D:1      | Reached XP level 2. HP: 27/27 MP: 1/1
   142 | D:1      | Reached skill level 3 in Maces & Flails
   376 | D:1      | Reached XP level 3. HP: 32/33 MP: 2/2
  1025 | D:2      | Reached XP level 4. HP: 40/40 MP: 3/3
  1086 | D:2      | Noticed Natasha
  1095 | D:2      | Killed Natasha
  1107 | D:2      | Noticed Natasha
  1116 | D:2      | Killed Natasha
  1117 | D:2      | Reached skill level 4 in Maces & Flails
  1117 | D:2      | Reached skill level 1 in Throwing
  1567 | D:2      | Noticed Natasha
  1574 | D:2      | Killed Natasha
  1575 | D:2      | Reached XP level 5. HP: 40/47 MP: 4/4
  1807 | D:3      | Noticed Robin
  1821 | D:3      | Killed Robin
  2232 | D:3      | Found a hide-covered altar of Uskayaw.
  2318 | D:3      | Found a shadowy altar of Dithmenos.
  2598 | D:4      | Reached skill level 5 in Maces & Flails
  2598 | D:4      | Reached XP level 6. HP: 55/55 MP: 5/5
  2628 | D:4      | Reached skill level 5 in Fighting
  2644 | D:4      | Found a glowing drain.
  2670 | Sewer    | Entered a sewer
  2690 | Sewer    | Reached skill level 5 in Shields
  2862 | Sewer    | Reached skill level 5 in Armour
  3023 | Sewer    | Reached XP level 7. HP: 9/61 MP: 6/6
  3037 | Sewer    | Got a warped silver ring
  3288 | D:4      | Reached skill level 6 in Maces & Flails
  3327 | D:4      | Found a large runed translucent door.
  3340 | D:4      | Found a large runed translucent door.
  3340 | D:4      | Noticed lastplaneout's ghost (amateur HOFi)
  3464 | D:4      | Found an iron altar of Okawaru.
  3465 | D:4      | Found a shimmering blue altar of Sif Muna.
  4245 | D:4      | Killed lastplaneout's ghost
  4356 | D:5      | Entered Level 5 of the Dungeon
  4407 | D:5      | Found a shimmering altar of Xom.
  4426 | D:5      | Found a staircase to the Ecumenical Temple.
  4437 | Temple   | Entered the Ecumenical Temple
  4624 | Temple   | Became a worshipper of Makhleb the Destroyer
  4702 | D:5      | Found a broken altar of Ashenzari.
  4715 | D:5      | Reached skill level 7 in Maces & Flails
  4715 | D:5      | Reached XP level 8. HP: 68/70 MP: 7/7
  4758 | D:5      | You fall into a shaft and drop 3 floors!
  4983 | D:8      | Identified the ring of Eplui {EV+4 Int+3} (You found it in
                  | a sewer)
  5173 | D:8      | Reached skill level 1 in Invocations
  5355 | D:8      | Reached skill level 8 in Maces & Flails
  5370 | D:8      | Reached XP level 9. HP: 32/78 MP: 9/9
  5381 | D:8      | HP: 7/78 [yak (10)]
  5383 | D:8      | Slain by a yak

Illustrated notes

Levels and vault maps discovered:
D:1:      mrwooster_arrival_statue_3, layout_basic, grunt_decor_arrowhead,
          chequers_serial_rivers_large_a
D:2:      layout_basic, hex_large, uniq_natasha
D:3:      layout_rooms, nicolae_dithmenos_through_a_glass_darkly,
          eat_drink_and_be_merry_uskayaw, uniq_robin
D:4:      layout_basic, minitemple, ebering_ghost_disaster_area,
          gup_sewer_entry_glass
D:5:      cheibrodos_quashed, layout_basic, xom_teletrap_fun,
          overflow_temple_1_default, minmay_temple_entry_arrows
D:8:      argonaut_augean_stables, layout_basic, erik_lair_island, uniq_erica,
          uniq_pikel
D:9:      layout_big_octagon, gammafunk_temple_overflow_forgotten, hive_lemuel,
          uniq_harold
Temple:   minmay_temple_bridge_abc

Skill      XL: |  1  2  3  4  5  6  7  8 |
---------------+-------------------------+-----
Maces & Flails | 3 4 5 7 8 |  8.5
Fighting       | 4 5 6 |  6.7
Shields        | 4 5 6 |  6.8
Armour         | 4 5 6 |  6.8
Throwing       | 1 2 3 4 |  4.3
Invocations    | 2 |  2.4

Action                   |  1- 3 |  4- 6 |  7- 9 || total
-------------------------+-------+-------+-------++-------
Melee: Flail             |    94 |   206 |    52 ||   352
       Headbutt          |    12 |    31 |    36 ||    79
       Morningstar       |       |       |   117 ||   117
  Use: Potion            |       |       |     1 ||     1
Armor: Scale mail        |    34 |     6 |       ||    40
       Chain mail        |       |   141 |    65 ||   206
Dodge: Dodged            |    28 |    88 |    32 ||   148
Block: Kite shield       |    45 |   171 |    85 ||   301
